 Dungeon Crawl Stone Soup version 0.31-a0-234-gad7ace16ef (webtiles) character file.

Game seed: 2696973547352378304

122 qw the Shooter (level 5, 0/30 HPs)
             Began as a Gargoyle Hexslinger on July 9, 2023.
             Slain by a hobgoblin (2 damage)
             ... led by Robin
             ... on level 2 of the Dungeon.
             The game lasted 00:00:26 (1029 turns).

qw the Shooter (Gargoyle Hexslinger)                Turns: 1029, Time: 00:00:27

Health: 0/30       AC:  6    Str: 12    XL:     5   Next: 6%
Magic:  6/6        EV: 12    Int: 13    God:
Gold:   37         SH:  0    Dex: 14    Spells: 5/6 levels left

rFire   . . .        Y - +1 sling
rCold   . . .        (no shield)
rNeg    + . .        c - +0 robe
rPois   inf          (no helmet)
rElec   +            (no cloak)
rCorr   .            (no gloves)
SInv    .            (no boots)
Will    .....        (no amulet)
Stlth   +            (no ring)
HPRegen 0.25/turn    (no ring)
MPRegen 0.10/turn

%: no passive effects
@: no status effects
A: sickness immunity, AC +4, negative energy resistance 1, electricity
resistance, torment resistance 1, petrification resistance
a: no special abilities


You were on level 2 of the Dungeon.
You visited 1 branch of the dungeon, and saw 2 of its levels.

You collected 37 gold pieces.


Innate Abilities, Weirdness & Mutations

You are immune to sickness and miasma.
Your stone body is resilient. (AC +4)
You are immune to poison.
You resist negative energy. (rN+)
You are resistant to electric shocks. (rElec)
You are resistant to unholy torment.
You are immune to petrification.


   Skills:
 - Level 2.0 Fighting
 + Level 4.8 Ranged Weapons
 - Level 1.5 Dodging
 - Level 1.0 Spellcasting
 - Level 2.6 Hexes


You had 5 spell levels left.
You knew the following spells:

 Your Spells              Type           Power      Damage    Failure   Level
a - Slow                  Hex            28%        N/A       10%         1

Your spell library contained the following spells:

 Spells                   Type           Power      Damage    Failure   Level
 Inner Flame              Hex/Fire       4%         N/A       43%         3
 Portal Projectile        Hex/Tloc       8%         N/A       43%         3
 Cause Fear               Hex            3%         N/A       67%         4

Inventory:

Hand Weapons
 Y - a +1 sling (weapon)
Armour
 c - a +0 robe (worn)
Jewellery
 h - a ring of fire
Scrolls
 a - a scroll of identify {unknown}
Potions
 b - a potion of haste {unknown}
 e - a potion of mutation {unknown}

Dungeon Overview and Level Annotations

Branches:
Dungeon (2/15)

Altars:


Message History

You shoot a sling bullet. The sling bullet hits the hobgoblin.
You kill the hobgoblin!
The hobgoblin hits you but does no damage. x2
You shoot a sling bullet. The sling bullet hits Robin.
Robin is moderately wounded.
The hobgoblin hits you. The hobgoblin barely misses you.
Robin hits you but does no damage.
You shoot a sling bullet.
The sling bullet hits Robin but does no damage.
Robin is moderately wounded.
The hobgoblin hits you.
The hobgoblin hits you but does no damage.
Robin hits you but does no damage.
You shoot a sling bullet. The sling bullet hits Robin.
Robin is moderately wounded.
The hobgoblin barely misses you. The hobgoblin hits you.
Robin closely misses you.
You shoot a sling bullet. The sling bullet hits Robin.
Robin is moderately wounded.
The hobgoblin barely misses you. The hobgoblin hits you.
Robin barely misses you.
You shoot a sling bullet. The sling bullet hits Robin.
Robin is heavily wounded.
The hobgoblin hits you. The hobgoblin misses you.
Robin roars a battlecry!
The hobgoblins go into a battle-frenzy!
You shoot a sling bullet.
The sling bullet hits Robin but does no damage.
Robin is heavily wounded.
The hobgoblin barely misses you. x2; Robin barely misses you.
The hobgoblin hits you. The hobgoblin closely misses you.
Robin hits you but does no damage.
You shoot a sling bullet. The sling bullet hits Robin.
Robin is severely wounded.
The hobgoblin completely misses you. The hobgoblin barely misses you.
Robin hits you with a +0 club.
You shoot a sling bullet. The sling bullet hits Robin.
You kill Robin!
The hobgoblin hits you.
You die...

##### #.#.#######
#########.......... #
........#...#######
#.#######.#...#
#.#.......#...#
#.......###...#
######g###.###...#######
.....)g@).......>.......
.....#)###.####..#######
... #) #.####..# # .
#.###.......#######
...................
#.#####.......#####
#.#.......#.#.# #
#.#.......#.#.# #
#.......#.#.# #


You could see 2 hobgoblins.

Vanquished Creatures
  Jessica (D:2)
  Natasha (twice) (D:2)
  Robin (D:2)
  An adder (D:2)
  A dart slug (D:1)
  A ball python (D:1)
  2 bats (D:1)
  2 endoplasms (D:1)
  A giant cockroach (D:2)
  7 goblins
  6 hobgoblins
  A quokka (D:1)
  A frilled lizard (D:1)
  5 kobolds
  3 rats
35 creatures vanquished.

Notes
Turn   | Place    | Note
-------+----------+-------------------------------------------
     0 | D:1      | qw the Gargoyle Hexslinger began the quest for the Orb.
     0 | D:1      | Reached XP level 1. HP: 12/12 MP: 2/2
     0 | D:1      | 0 ||| qw: Version: 0.3-a-51-g015441d
     0 | D:1      | 0 ||| qw: Game counter: 4148
     0 | D:1      | 0 ||| qw: Melee chars always use a shield: true
     0 | D:1      | 0 ||| qw: God list: Okawaru
     0 | D:1      | 0 ||| qw: Allow faded altars: false
     0 | D:1      | 0 ||| qw: Do Orc after clearing Dungeon:15 true
     0 | D:1      | 0 ||| qw: Do second Lair branch before Depths: true
     0 | D:1      | 0 ||| qw: Lair rune preference: random
     0 | D:1      | 0 ||| qw: Goals: Normal
     0 | D:1      | 0 ||| PLANNING D:1-11
    98 | D:1      | Reached XP level 2. HP: 12/16 MP: 3/3
   144 | D:1      | Found a faded altar of an unknown god.
   359 | D:1      | Reached skill level 3 in Ranged Weapons
   707 | D:1      | 707 ||| DROPPING amulet of magic regeneration.
   708 | D:1      | 708 ||| READING scroll labelled VIBBAJ JOH.
   713 | D:1      | 713 ||| READING scroll labelled UVIACIWK ZOAL.
   714 | D:1      | 714 ||| DROPPING scroll of poison.
   761 | D:2      | Reached XP level 3. HP: 21/21 MP: 4/4
   765 | D:2      | Noticed Natasha
   772 | D:2      | Killed Natasha
   817 | D:2      | Reached XP level 4. HP: 25/26 MP: 5/5
   894 | D:2      | Noticed Natasha
   907 | D:2      | Killed Natasha
   908 | D:2      | Reached skill level 4 in Ranged Weapons
  1000 | D:2      | Noticed Jessica
  1003 | D:2      | Killed Jessica
  1006 | D:2      | Reached XP level 5. HP: 30/30 MP: 6/6
  1008 | D:2      | Noticed Robin
  1026 | D:2      | HP: 6/30 [hobgoblin[Robin] (3)]
  1028 | D:2      | HP: 2/30 [Robin/+0 club (4)]
  1029 | D:2      | Killed Robin
  1029 | D:2      | Slain by a hobgoblin

Levels and vault maps discovered:
D:1:      erik_arrival_triangle_small, layout_basic,
          shapermc_ecumenical_altar_rom_forum
D:2:      minmay_wonky_spiral, layout_basic, serial_shops,
          nicolae_shop_hallway_stairs, uniq_sigmund, uniq_natasha, uniq_jessica,
          uniq_robin

Skill      XL: |  1  2  3  4 |
---------------+-------------+-----
Ranged Weapons | 3 4 |  4.8
Fighting       | 2 |  2.0
Dodging        | |  1.5
Spellcasting   | |  1.0
Hexes          | |  2.6

Action                     |  1- 3 |  4- 6 || total
---------------------------+-------+-------++-------
   Fire: Sling             |    75 |    41 ||   116
    Use: Scroll            |     2 |       ||     2
 Armour: Robe              |     8 |    25 ||    33
  Dodge: Dodged            |    19 |    42 ||    61

Table legend:
 A = Non-vault XP
 B = Vault XP
 C = Vault XP percentage of total XP
 D = Non-vault monster count
 E = Vault monster count
 F = Vault count percentage of total count
                 A         B        C        D         E       F
            +---------+---------+-------+---------+---------+-------
      Total |      88 |     102 |  53.7 |      24 |      11 |  31.4
            +---------+---------+-------+---------+---------+-------
        D:1 |      30 |       0 |   0.0 |      17 |       0 |   0.0
        D:2 |      58 |     102 |  63.8 |       7 |      11 |  61.1
            +---------+---------+-------+---------+---------+-------
